 Dungeon Crawl Stone Soup version 0.22-a0-880-gb7b0c8b (webtiles) character file.

40 robertstho the Cutter (level 3, 0/19 HPs)
             Began as a Vine Stalker Monk on July 30, 2018.
             Succumbed to a goblin's poison
             ... on level 1 of the Dungeon.
             The game lasted 00:03:21 (544 turns).

robertstho the Cutter (Vine Stalker Monk)            Turns: 544, Time: 00:03:22

Health: 0/19       AC:  9    Str: 13    XL:     3   Next: 50%
Magic:  4/4        EV:  6    Int: 15    God:
Gold:   54         SH:  0    Dex: 17    Spells: 2/2 levels left

rFire    . . .     SeeInvis .   a - +0 short sword
rCold    . . .     Gourm    .   (no shield)
rNeg     . . .     Faith    .   d - +0 chain mail
rPois    .         Spirit   +   (no helmet)
rElec    .         Reflect  .   (no cloak)
rCorr    .         Harm     .   h - +0 pair of gloves
MR       .....                  (no boots)
Stlth    ..........             (no amulet)
HPRegen  0.06/turn              (no ring)
MPRegen  0.09/turn              (no ring)

@: brilliant, lethally poisoned (0 -> -6), berserk cooldown, slowed, very slow
A: fangs 2, magic shield, antimagic bite, no potion heal 3, rot immunity
a: no special abilities


You were on level 1 of the Dungeon.
You were not hungry.

You visited 1 branch of the dungeon, and saw 1 of its levels.

You collected 54 gold pieces.

Inventory:

Hand Weapons
 a - a +0 short sword (weapon)
 o - a +1 dagger of venom
Armour
 b - a +0 robe
 d - a +0 chain mail (worn)
 h - a +0 pair of gloves (worn)
Jewellery
 k - an uncursed ring of protection from cold {unknown}
 n - an uncursed ring of magical power {unknown}
Scrolls
 e - 2 scrolls of remove curse {unknown}
 f - a scroll of amnesia {unknown}
 i - a scroll of teleportation {unknown}
 l - 3 scrolls of identify {unknown}
Comestibles
 c - a ration
 g - 7 chunks of flesh


   Skills:
 + Level 2.9 Fighting
 * Level 3.4 Short Blades
 * Level 0.8 Armour
 + Level 2.6 Dodging
 - Level 2.4 Stealth


You had 2 spell levels left.
You didn't know any spells.
Your spell library was empty.

Dungeon Overview and Level Annotations

Branches:
Dungeon (1/15)

Altars:


Innate Abilities, Weirdness & Mutations

You have extremely sharp teeth.
When hurt, damage is shared between your health and your magic reserves.
Your bite disrupts and absorbs the magic of your enemies.
Potions cannot restore your health.
You are immune to rotting.


Message History

* * * LOW HITPOINT WARNING * * *
You feel sick.
It was a potion of berserk rage.
A red film seems to cover your vision as you go berserk!
You feel yourself moving faster!
You feel mighty!
* * * LOW HITPOINT WARNING * * *
You feel sick.
You are too berserk!
You feel a strong urge to attack something.
* * * LOW HITPOINT WARNING * * *
You feel sick.
You feel your anger nearly subside.
You are no longer berserk.
You are exhausted.
You feel yourself slow down.
It was a potion of brilliance.
You feel clever all of a sudden.
* * * LOW HITPOINT WARNING * * *
You feel sick.
You die...

##..#.##.)...........# #.......#
##..#.##.###.........# #...###.#
.#.........#.........# ##..##.#.#
.#.###.....#.......).###...#.##(#
..(# #....[#.........##.....##..#
#..###################..##.....##
..............)...)....##.#...##
##.####).###########.#.#.##..##
##.# #...######@.##.#.###...#
##.# ###..##.##...#.........#
##.# ###.#.##÷###........## ##.#
##.#.#..##.######## .#.#
≈..#...#..##.# .#.###
..≈≈.≈...#.##.#
.#.##.##.≈≈≈≈≈≈...##.#
.#.###.#.≈≈≈≈≈≈.≈###.#
##.##...≈.≈≈≈≈.≈#.##.#


There were no monsters in sight!

Vanquished Creatures
  An ooze (D:1)
  A dart slug (D:1)
  2 leopard geckos (D:1)
  6 bats (D:1)
  4 hobgoblins (D:1)
  4 jackals (D:1)
  2 kobolds (D:1)
  A frilled lizard (D:1)
  4 goblins (D:1)
  3 rats (D:1)
28 creatures vanquished.

Notes
Turn   | Place    | Note
-------+----------+-------------------------------------------
     0 | D:1      | robertstho the Vine Stalker Monk began the quest for the Orb.
     0 | D:1      | Reached XP level 1. HP: 11/11 MP: 2/2
   135 | D:1      | Reached skill level 3 in Short Blades
   135 | D:1      | Reached XP level 2. HP: 11/16 MP: 1/3
   252 | D:1      | Reached XP level 3. HP: 14/19 MP: 2/4
   544 | D:1      | Succumbed to a goblin's poison

Vault maps used:
D:1:      dpeg_arrival_subterranean_lakeside_camping, minmay_bisected

Skill      XL: |  1 |
---------------+----+-----
Short Blades   | 3 |  3.4
Fighting       | |  2.9
Armour         | |  0.8
Dodging        | |  2.6
Stealth        | |  2.4

Action                   || total
-------------------------++-------
Melee: Short sword       ||   107
       Bite              ||    28
  Use: Potion            ||     2
Armor: Chain mail        ||   102
Dodge: Dodged            ||    57

Table legend:
 A = Spawn XP
 B = Non-spawn XP
 C = Spawn XP percentage of total XP
 D = Spawn monster count
 E = Non-spawn monster count
 F = Spawn count percentage of total count
 G = Total turns spent on level
                    A         B        C        D         E        F      G
               +---------+---------+-------+---------+---------+-------+---------
         Total |       0 |      58 |   0.0 |       0 |      28 |   0.0 |   544
               +---------+---------+-------+---------+---------+-------+---------
           D:1 |       0 |      58 |   0.0 |       0 |      28 |   0.0 |   544
               +---------+---------+-------+---------+---------+-------+---------
